[Event "ICCopen2017"]
[Site "Internet Chess Club"]
[Date "2017.03.19"]
[Round "6"]
[White "kaimann"]
[Black "blackending"]
[Result "0-1"]
[ICCResult "White forfeits on time"]
[WhiteElo "1881"]
[BlackElo "1592"]
[Opening "Benko's opening"]
[ECO "A00"]
[NIC "VO.09"]
[Time "20:14:40"]
[TimeControl "180+0"]

1. g3 g6 2. Bg2 Bg7 3. e4 d6 4. d4 Nf6 5. Ne2 O-O 6. O-O c6 7. c4 Nbd7 8.
Nbc3 e5 9. d5 cxd5 10. Nxd5 Nxd5 11. Qxd5 Nf6 12. Qd3 Qc7 13. b3 Be6 14. Ba3
Rfd8 15. Rad1 Ne8 16. f4 Bg4 17. h3 Bxe2 18. Qxe2 a5 19. Kh2 a4 20. b4 exf4
21. gxf4 Rac8 22. Rc1 b6 23. Kh1 Nf6 24. Qc2 Nh5 25. Qxa4 Ng3+ 26. Kg1 Nxf1
27. Bxf1 Qe7 28. Bg2 Bd4+ 29. Kh1 Qh4 30. Qd1 Bg7 31. Qf3 Bh6 32. Rc2 Bxf4
33. Bb2 Be5 34. Bc1 Qf6 35. Qd3 Qe7 36. Rf2 Rf8 37. Bh6 Rfe8 38. Qf3 Bg7 39.
Bxg7 Kxg7 40. Rc2 Qe5 41. a4 Re7 42. a5 bxa5 43. bxa5 Qxa5 44. Qg4 Qa1+ 45.
Kh2 Qe5+ 46. Kh1 Rce8 47. Qe2 Qa1+ 48. Kh2 Qe5+ 49. Kh1 f5 50. Qf2 fxe4 51.
Qe3 Qa1+ {White forfeits on time} 0-1

[Event "ICCopen2017"]
[Site "Internet Chess Club"]
[Date "2017.03.19"]
[Round "6"]
[White "marinocid"]
[Black "biljanic"]
[Result "0-1"]
[ICCResult "White forfeits on time"]
[WhiteElo "1826"]
[BlackElo "2010"]
[Opening "Pirc defense"]
[ECO "B07"]
[NIC "PU.07"]
[Time "20:14:34"]
[TimeControl "180+0"]

1. e4 d6 2. d4 Nf6 3. Nc3 g6 4. Nge2 Bg7 5. g3 O-O 6. Bg2 c6 7. a4 Qc7 8.
O-O e5 9. h3 a5 10. Re1 Re8 11. Bg5 Nbd7 12. Qd2 Nf8 13. Rad1 Ne6 14. Be3
Nf8 15. g4 Be6 16. Ng3 Bc4 17. b3 Ba6 18. g5 N6d7 19. d5 c5 20. Nb5 Bxb5 21.
axb5 Qb6 22. Bf1 Qd8 23. Ne2 a4 24. Ra1 axb3 25. cxb3 Qc7 26. Nc3 f6 27. h4
Nb6 28. Na4 Reb8 29. Nxb6 Qxb6 30. b4 Nd7 31. Rxa8 Rxa8 32. Rc1 Rc8 33. f3
Qd8 34. bxc5 Nxc5 35. Bxc5 Rxc5 36. Rxc5 dxc5 37. d6 fxg5 38. Bc4+ Kh8 39.
hxg5 h6 40. gxh6 Bf6 41. Qd5 Kh7 42. d7 Kxh6 43. Qxb7 Bh4 44. Qc8 Qg5+ 45.
Kf1 Qc1+ 46. Kg2 Qxc4 47. d8=Q Qe2+ {White forfeits on time} 0-1

[Event "ICCopen2017"]
[Site "Internet Chess Club"]
[Date "2017.03.19"]
[Round "6"]
[White "VrloJakMK"]
[Black "Brothersinarms"]
[Result "1-0"]
[ICCResult "Black checkmated"]
[WhiteElo "2087"]
[BlackElo "1770"]
[Opening "Queen's pawn: Charlick (Englund) gambit"]
[ECO "A40"]
[NIC "QO.17"]
[Time "20:14:47"]
[TimeControl "180+0"]

1. d4 e5 2. dxe5 d6 3. Nf3 Bg4 4. exd6 Bxd6 5. Nc3 Nf6 6. Nd2 Qe7 7. h3 Bf5
8. g4 Bd7 9. Bg2 Nc6 10. Nc4 Bb4 11. Bd2 O-O-O 12. Qc1 Qc5 13. Ne3 Rhe8 14.
a3 Bxc3 15. Bxc3 Ne4 16. Bxg7 Nd4 17. Bxd4 Qxd4 18. c3 Qb6 19. b4 Bc6 20. c4
Qd4 21. b5 Bd7 22. Ra2 Be6 23. Rc2 Re7 24. a4 Rde8 25. a5 Bd7 26. Bxe4 Qxe4
27. O-O h5 28. Nd5 hxg4 29. Nxe7+ Qxe7 30. Qf4 gxh3 31. Kh2 f5 32. Rg1 Qc5
33. e3 Re4 34. Rg8+ Be8 35. Qg5 Qd6+ 36. Qg3 Qe6 37. Rd2 f4 38. exf4 Re1 39.
Qg5 Qe7 40. Qxe7 Rxe7 41. Kxh3 c6 42. Kg3 cxb5 43. cxb5 Kc7 44. b6+ axb6 45.
axb6+ Kxb6 46. Rd6+ Kc7 47. Rh6 Bc6 48. Rgh8 Kb6 49. R8h7 Re2 50. f5 Rc2 51.
f6 Rc3+ 52. Kg4 Rf3 53. f7 Kb5 54. Rxc6 Rxf2 55. Rc7 Rg2+ 56. Kf5 Rf2+ 57.
Ke6 b6 58. Kd7 Rd2+ 59. Ke8 Re2+ 60. Re7 Rc2 61. f8=Q Rc8+ 62. Kf7 Rxf8+ 63.
Kxf8 Ka4 64. Rh4+ Ka5 65. Re5+ b5 66. Rhh5 Ka4 67. Rxb5 Ka3 68. Rb8 Ka4 69.
Rc5 Ka3 70. Ra5# {Black checkmated} 1-0

[Event "ICCopen2017"]
[Site "Internet Chess Club"]
[Date "2017.03.19"]
[Round "6"]
[White "mrneale"]
[Black "habishek"]
[Result "1-0"]
[ICCResult "Black forfeits on time"]
[WhiteElo "1084"]
[BlackElo "1017"]
[Opening "King's pawn game"]
[ECO "C21"]
[NIC "KP.10"]
[Time "20:14:46"]
[TimeControl "180+0"]

1. e4 e5 2. d4 d6 3. dxe5 Nc6 4. exd6 Bxd6 5. Nf3 Nf6 6. Nc3 O-O 7. Bg5 Bb4
8. Bd3 Bxc3+ 9. bxc3 Be6 10. O-O Qd7 11. Bb5 Ne8 12. Qxd7 Bxd7 13. Rad1 Nd6
14. Bxc6 Bxc6 15. Be7 Rfe8 16. Bxd6 cxd6 17. Nd4 Bxe4 18. Rfe1 Bd5 19. Nb5
Rxe1+ 20. Rxe1 Bxa2 21. Nxd6 h6 22. Nxb7 Rc8 23. Ra1 Be6 24. Rxa7 Rxc3 25.
Ra1 Rxc2 26. Nd6 Rd2 27. Ne4 Ra2 28. Rxa2 Bxa2 29. Nc5 Kf8 30. f3 Ke7 31.
Kf2 f6 32. Ne4 Ke6 33. Ke3 Bd5 34. Nc3 Ba8 35. Ne2 Kf7 36. Nd4 g6 37. g3 g5
38. Ne2 {Black forfeits on time} 1-0

[Event "ICCopen2017"]
[Site "Internet Chess Club"]
[Date "2017.03.19"]
[Round "6"]
[White "kathmales"]
[Black "Anneay"]
[Result "1-0"]
[ICCResult "Black resigns"]
[WhiteElo "2269"]
[BlackElo "2493"]
[Opening "Petrov: Nimzovich attack"]
[ECO "C42"]
[NIC "RG.03"]
[Time "20:14:43"]
[TimeControl "180+0"]

1. e4 e5 2. Nf3 Nf6 3. Nxe5 d6 4. Nf3 Nxe4 5. Nc3 Nxc3 6. dxc3 Be7 7. Bf4
Nc6 8. Qd2 Be6 9. O-O-O Qd7 10. Bd3 O-O-O 11. h3 h6 12. Rhe1 Rhe8 13. Kb1
Bf5 14. Re3 Bf6 15. Rde1 Bxd3 16. Qxd3 a6 17. g4 Re7 18. Rxe7 Nxe7 19. Nd4
Re8 20. Qe4 d5 21. Qf3 Ng6 22. Be3 Ne5 23. Qd1 Nc4 24. Qd3 Bxd4 25. cxd4 Qb5
26. b3 Na3+ 27. Kb2 Qxd3 28. cxd3 Nb5 29. Rc1 b6 30. Rg1 Kd7 31. g5 Re6 32.
gxh6 gxh6 33. Rg7 Ke7 34. Rh7 Rg6 35. h4 Ke6 36. a4 Nd6 37. Bxh6 Nf5 38. Be3
Rg2 39. Kc3 Rh2 40. h5 Kf6 41. Rh8 Kg7 42. Rc8 Rxh5 43. Rxc7 Nxe3 44. fxe3
Rh3 45. Re7 Kf8 46. Re5 f6 47. Re6 Kf7 48. Rxb6 Rxe3 49. Rxa6 f5 50. Rd6 f4
51. Kd2 Rg3 52. Ke2 Re3+ 53. Kd2 Rh3 54. Rxd5 Rh2+ 55. Ke1 Kf6 56. Rd8 Kf5
57. a5 Ra2 58. b4 f3 59. Rf8+ Kg4 60. d5 Kg3 61. Rg8+ Kf4 62. d6 Ke3 63.
Re8+ Kxd3 64. d7 {Black resigns} 1-0

[Event "ICCopen2017"]
[Site "Internet Chess Club"]
[Date "2017.03.19"]
[Round "6"]
[White "Maxbet"]
[Black "Hesham-A"]
[Result "0-1"]
[ICCResult "White forfeits on time"]
[WhiteElo "2851"]
[BlackElo "2540"]
[Opening "QGD: Ragozin variation"]
[ECO "D38"]
[NIC "NI.27"]
[Time "20:14:40"]
[TimeControl "180+0"]

1. Nf3 d5 2. d4 Nf6 3. c4 e6 4. Nc3 Bb4 5. Qa4+ Nc6 6. e3 O-O 7. Qc2 a6 8.
Bd2 Qe7 9. a3 Ba5 10. b4 Bb6 11. cxd5 exd5 12. Bd3 Nxd4 13. Nxd4 Bxd4 14.
O-O Be5 15. h3 c6 16. Rae1 g6 17. f4 Bb8 18. e4 Ba7+ 19. Kh2 Ng4+ 20. Kg3
Nf6 21. exd5 Nh5+ 22. Kh2 Qh4 23. Ne2 cxd5 24. Rd1 Re8 25. Be1 Qf6 26. Bf2
Rxe2 27. Qxe2 Qxf4+ 28. g3 Qd6 29. Qf3 Bxf2 30. Rxf2 Be6 31. Kg2 Rc8 32. Be2
d4 33. Kh2 Rc3 34. Rd3 Rc2 35. Qg2 Qe5 36. Bf3 Rc3 37. Rxc3 dxc3 38. Re2 Qd4
39. Bxh5 gxh5 40. Qf2 Qxf2+ 41. Rxf2 Bb3 42. Rf3 c2 43. Rc3 Kg7 44. Kg1 Kf6
45. Kf2 Ke5 46. Ke1 Kd4 47. Kd2 Ba4 48. Rc7 f5 49. Rxh7 Ke4 50. Rxh5 b6 51.
Rg5 b5 52. h4 f4 53. h5 f3 54. Rg8 f2 55. Rf8 c1=Q+ 56. Kxc1 Ke3 57. Rxf2
Kxf2 58. h6 Bc2 59. h7 Bxh7 60. g4 Kg3 61. g5 Bg6 62. Kb2 Kg4 63. Kc3 Kxg5
64. Kd4 Be4 65. Kc5 Bc2 66. Kb6 Ba4 67. Kxa6 Kf4 68. Ka5 Ke3 69. Kb6 Kd2 70.
Kc7 Kc2 71. Kd6 Kb2 72. Ke6 Kxa3 73. Kd5 Kb3 74. Kc5 Kc3 75. Kc6 Kxb4 76.
Kd7 Kb3 77. Ke7 b4 78. Kf6 Kc3 79. Kg5 b3 80. Kf6 b2 81. Kf7 b1=Q 82. Kf8
Qd3 83. Kg7 Bb3 {White forfeits on time} 0-1

[Event "ICCopen2017"]
[Site "Internet Chess Club"]
[Date "2017.03.19"]
[Round "6"]
[White "P10"]
[Black "jajaba"]
[Result "0-1"]
[ICCResult "White resigns"]
[WhiteElo "1535"]
[BlackElo "1839"]
[Opening "KP: Nimzovich defense"]
[ECO "B00"]
[NIC "VO.05"]
[Time "20:16:21"]
[TimeControl "180+0"]

1. e4 Nc6 2. Nf3 d5 3. exd5 Qxd5 4. Nc3 Qh5 5. Be2 Bg4 6. h3 O-O-O 7. d3 e5
8. Be3 f5 9. Nd4 exd4 10. Bxg4 fxg4 11. Qxg4+ Qxg4 12. hxg4 dxe3 13. fxe3
Re8 14. e4 Nd4 15. Kd2 Bc5 16. Rhf1 Bb4 17. Rf7 g6 18. a3 Nh6 19. Rf2 Bxc3+
20. bxc3 Nb5 21. Rf4 Nd6 22. g5 Nhf7 23. Rg4 Ne5 24. Rf4 Rd8 25. Ke2 Rhf8
26. Raf1 Rxf4 27. Rxf4 Kd7 28. d4 Nc6 29. e5 Nf5 30. g4 Nfe7 31. Rf7 Rh8 32.
Kd3 Ke6 33. Ke4 Kxf7 {White resigns} 0-1

[Event "ICCopen2017"]
[Site "Internet Chess Club"]
[Date "2017.03.19"]
[Round "6"]
[White "ibarra"]
[Black "DreadHead"]
[Result "1-0"]
[ICCResult "Black forfeits on time"]
[WhiteElo "2714"]
[BlackElo "2430"]
[Opening "Robatsch (modern) defense"]
[ECO "B06"]
[NIC "KF.05"]
[Time "20:15:43"]
[TimeControl "180+0"]

1. e4 g6 2. d4 Bg7 3. Nf3 d6 4. Bc4 Nf6 5. Qe2 O-O 6. e5 dxe5 7. dxe5 Nd5 8.
h3 Nc6 9. O-O Nb6 10. Bb3 Bf5 11. Rd1 Qc8 12. Nc3 Be6 13. Bf4 Bxb3 14. axb3
a6 15. Ne4 Rd8 16. Nc5 Nd5 17. Bg3 b6 18. Ne4 h6 19. c3 Qe6 20. Rxa6 Nxe5
21. Rxa8 Rxa8 22. Nd4 Qc8 23. Bxe5 Bxe5 24. Nc6 Nf4 25. Qf3 Qe6 26. Nxe5
Qxe5 27. Nf6+ Qxf6 28. Qxa8+ Kg7 29. Qf3 e5 30. Re1 Qd6 31. Qe3 f6 32. h4 h5
33. g3 Ne6 34. Qe2 Nc5 35. Rd1 Qe6 36. Qc4 Qf5 37. Rd8 Ne6 38. Re8 Kf7 39.
Rc8 g5 40. Qc6 Ng7 41. Rxc7+ Kg6 42. hxg5 Qxg5 43. Qxb6 h4 44. Rxg7+ Kxg7
45. Qb7+ Kh6 46. Qf3 hxg3 47. Qxg3 Qc1+ 48. Kg2 Qxb2 49. b4 Qb3 50. Qe3+ Kg7
51. Qd3 Kf7 52. b5 Qe6 53. c4 Qg4+ 54. Kf1 Qh4 55. Ke2 Qh1 56. Kd2 Qb7 57.
Kc3 Qa7 58. Qd5+ Kg6 59. Qc6 Kf5 60. Qf3+ {Black forfeits on time} 1-0

[Event "ICCopen2017"]
[Site "Internet Chess Club"]
[Date "2017.03.19"]
[Round "6"]
[White "Eigeneier"]
[Black "giovana64"]
[Result "0-1"]
[ICCResult "White checkmated"]
[WhiteElo "1718"]
[BlackElo "1513"]
[Opening "Old Benoni defense"]
[ECO "A43"]
[NIC "OI.08"]
[Time "20:15:51"]
[TimeControl "180+0"]

1. d4 c5 2. d5 Nf6 3. Nc3 e6 4. e4 exd5 5. exd5 d6 6. Nf3 g6 7. Bd3 a6 8. a4
Bg7 9. O-O O-O 10. h3 b6 11. Bf4 Bb7 12. Be2 Qc7 13. Nd2 Nxd5 14. Nxd5 Bxd5
15. Nc4 Bxc4 16. Bxc4 Rd8 17. Qf3 Nd7 18. Rfd1 Ne5 19. Bxe5 dxe5 20. Rd3
Rab8 21. Rad1 Rd4 22. b3 e4 23. Bxf7+ Qxf7 24. Qxf7+ Kxf7 25. R3d2 Rbd8 26.
Rxd4 Rxd4 27. Re1 b5 28. f3 exf3 29. Rf1 Ke6 30. Rxf3 bxa4 31. bxa4 Rxa4 32.
Re3+ Kd6 33. Rd3+ Bd4+ 34. Kh2 Kc6 35. g4 Ra2 36. Rd2 a5 37. Kg2 a4 38. Kf3
a3 39. Rd3 Ra1 40. Ke4 Re1+ 41. Kf4 a2 42. Ra3 a1=Q 43. Rxa1 Bxa1 44. Kg5
Bg7 45. h4 Re2 46. c4 Rc2 47. h5 gxh5 48. gxh5 Rxc4 49. h6 Bxh6+ 50. Kh5 Bg7
51. Kg5 Rd4 52. Kf5 c4 53. Kg5 c3 54. Kf5 Kd6 55. Kg5 Rd5+ 56. Kh4 Ke5 57.
Kg4 Rd4+ 58. Kh5 Bf8 59. Kg5 Ba3 60. Kh5 c2 61. Kg5 c1=Q+ 62. Kh5 Qh1+ 63.
Kg5 Be7# {White checkmated} 0-1

[Event "ICCopen2017"]
[Site "Internet Chess Club"]
[Date "2017.03.19"]
[Round "6"]
[White "Persi"]
[Black "MichaelBelikow"]
[Result "0-1"]
[ICCResult "White resigns"]
[WhiteElo "1290"]
[BlackElo "1441"]
[Opening "Philidor: exchange variation"]
[ECO "C41"]
[NIC "KP.08"]
[Time "20:19:27"]
[TimeControl "180+0"]

1. e4 e5 2. Nf3 d6 3. d4 exd4 4. Nxd4 Be7 5. Bc4 Nf6 6. Nc3 O-O 7. O-O Nc6
8. Nxc6 bxc6 9. Bf4 Be6 10. Bb3 h6 11. e5 Nd5 12. Bg3 Nxc3 13. bxc3 Bxb3 14.
cxb3 d5 15. Qe2 Qc8 16. f4 f5 17. Rad1 Qe6 18. c4 Bc5+ 19. Bf2 Bxf2+ 20.
Rxf2 Rad8 21. cxd5 cxd5 22. Qa6 Qxa6 {White resigns} 0-1

[Event "ICCopen2017"]
[Site "Internet Chess Club"]
[Date "2017.03.19"]
[Round "6"]
[White "fueguino"]
[Black "Spirals"]
[Result "0-1"]
[ICCResult "White forfeits on time"]
[WhiteElo "1890"]
[BlackElo "2131"]
[Opening "QGD: 4.Bg5 Be7"]
[ECO "D53"]
[NIC "QO.13"]
[Time "20:16:15"]
[TimeControl "180+0"]

1. d4 d5 2. c4 e6 3. Nc3 Nf6 4. Bg5 Be7 5. e3 Nbd7 6. cxd5 exd5 7. Bd3 h6 8.
Bh4 c6 9. Nf3 O-O 10. O-O Re8 11. Rc1 Ne4 12. Bxe4 Bxh4 13. Bb1 Bf6 14. Qd3
Nf8 15. e4 dxe4 16. Nxe4 g6 17. Nxf6+ Qxf6 18. Ne5 Be6 19. f4 Bf5 20. Qc4
Bxb1 21. Rxb1 Rad8 22. f5 gxf5 23. Rf4 Ng6 24. Nxg6 Qxg6 25. Rbf1 Rd5 26.
R1f3 Qe6 27. h3 Qe2 28. Qc3 Qe1+ 29. Kh2 Qxc3 30. bxc3 Re2 31. c4 Ra5 32. a3
Ra2 33. d5 cxd5 34. Rxf5 R2xa3 35. R3f4 dxc4 36. Rxf7 Rg5 37. Rxb7 Ra2 38.
Rb8+ Kg7 39. Rb7+ Kg8 40. Rb8+ Kg7 41. Rb7+ Kg8 42. Rb8+ Kh7 43. Rb7+ Rg7
44. Rxg7+ Kxg7 45. Rxc4 a5 46. Kg3 a4 47. Kf3 a3 48. Ra4 Ra1 49. Kg4 Kf6 50.
g3 Kg6 51. Ra6+ Kg7 52. Kh5 a2 53. g4 Kh7 54. h4 Kg7 55. Ra7+ Kf8 56. Kxh6
Ke8 {White forfeits on time} 0-1

[Event "ICCopen2017"]
[Site "Internet Chess Club"]
[Date "2017.03.19"]
[Round "6"]
[White "UkeCat"]
[Black "Massada"]
[Result "0-1"]
[ICCResult "White forfeits on time"]
[WhiteElo "1115"]
[BlackElo "1481"]
[Opening "Queen's pawn game, Rubinstein (Colle-Zukertort) variation"]
[ECO "D05"]
[NIC "QP.08"]
[Time "20:16:03"]
[TimeControl "180+0"]

1. d4 d5 2. Nf3 e6 3. e3 Nf6 4. Bd3 c5 5. b3 Nc6 6. Nbd2 cxd4 7. exd4 Be7 8.
Bb2 O-O 9. a3 Qb6 10. O-O a5 11. c4 dxc4 12. Nxc4 Qd8 13. Nce5 Bd7 14. Re1
Be8 15. Ng5 Qb6 16. Nc4 Qd8 17. Re3 g6 18. Rh3 Nxd4 19. Bxd4 Qxd4 20. Nf3
Qd8 21. Qc2 Rc8 22. a4 Nd5 23. Qd2 Nf6 24. Qg5 Qxd3 25. Qh6 Qf5 26. Ng5 Bc6
27. f3 Rfd8 28. Rf1 Bc5+ 29. Kh1 Bf8 30. Nxh7 Bxh6 31. Rxh6 Kg7 32. Nxf6
Qxf6 33. Rh3 Rh8 34. Kg1 Rxh3 35. gxh3 Qg5+ 36. Kh1 Rh8 37. Rg1 Rxh3 38.
Rxg5 Bxf3+ 39. Kg1 Bg2 40. Kxg2 Rc3 {White forfeits on time} 0-1

[Event "ICCopen2017"]
[Site "Internet Chess Club"]
[Date "2017.03.19"]
[Round "6"]
[White "egyptiantiger"]
[Black "METALCHESS"]
[Result "1-0"]
[ICCResult "Black checkmated"]
[WhiteElo "1839"]
[BlackElo "1969"]
[Opening "Dutch with c4 & Nc3"]
[ECO "A85"]
[NIC "HD.05"]
[Time "20:16:26"]
[TimeControl "180+0"]

1. d4 f5 2. c4 Nf6 3. Nc3 g6 4. h4 d6 5. h5 Nxh5 6. Rxh5 gxh5 7. e4 Be6 8.
Qxh5+ Bf7 9. Qxf5 Qd7 10. Qf3 Nc6 11. Be3 e5 12. d5 Nd4 13. Bxd4 exd4 14.
Nb5 Bg7 15. O-O-O a6 16. Nxd4 O-O-O 17. Nf5 Be5 18. Qb3 Bg6 19. Bd3 Rdf8 20.
g4 b6 21. c5 dxc5 22. Bxa6+ Kd8 23. Bb5 Qc8 24. Nf3 Bd6 25. e5 Bxf5 26. exd6
Bxg4 27. dxc7+ Kxc7 28. d6+ Kb8 29. Ne5 Bxd1 30. Qxd1 Rd8 31. Qd5 Qb7 32.
Nc6+ Ka8 33. Qb3 Rd7 34. Qa4+ Qa7 35. Nxa7 Rxa7 36. Qe4+ Kb8 37. d7 Rd8 38.
Qe5+ Rc7 39. Qd6 Kb7 40. Qd5+ Kb8 41. Qd6 Kb7 42. Qd5+ Kb8 43. Qe5 Kb7 44.
Be2 Kb8 45. Bf3 Rxd7 46. Qe8+ Ka7 47. Qa8# {Black checkmated} 1-0

[Event "ICCopen2017"]
[Site "Internet Chess Club"]
[Date "2017.03.19"]
[Round "6"]
[White "Mercury"]
[Black "dfvm"]
[Result "0-1"]
[ICCResult "White forfeits on time"]
[WhiteElo "2206"]
[BlackElo "1996"]
[Opening "English: Neo-Catalan declined"]
[ECO "E06"]
[NIC "RE.11"]
[Time "20:18:17"]
[TimeControl "180+0"]

1. Nf3 Nf6 2. c4 e6 3. g3 d5 4. Bg2 Be7 5. O-O O-O 6. d4 c5 7. cxd5 exd5 8.
Nc3 cxd4 9. Nxd4 Nc6 10. Be3 Be6 11. Rc1 Rc8 12. Nxc6 bxc6 13. Na4 Qa5 14.
Bc5 Bxc5 15. Rxc5 Qa6 16. b3 Nd7 17. Rc2 Bf5 18. Rc3 Rfe8 19. e3 Qa5 20. Qd4
Be4 21. Bh3 Ne5 22. Bg2 Nf3+ 23. Bxf3 Bxf3 24. Qf4 Be2 25. Rfc1 Re4 26. Qf5
Rce8 27. Rxc6 Bg4 28. Qg5 Qd2 29. R6c2 Qa5 30. Nc5 Rb4 31. Nd3 h6 32. Qh4
Rbe4 33. Nc5 Rb4 34. Nd3 Rbe4 35. Nc5 Bf5 36. Nxe4 Bxe4 37. Rc8 Rxc8 38.
Rxc8+ Kh7 39. Rc1 Qd2 40. Rf1 Bd3 41. Qf4 Bxf1 42. Kxf1 Qd1+ 43. Kg2 Qd3 44.
Qf3 Qe4 {White forfeits on time} 0-1

[Event "ICCopen2017"]
[Site "Internet Chess Club"]
[Date "2017.03.19"]
[Round "7"]
[White "schakeri"]
[Black "GreyWarden"]
[Result "0-1"]
[ICCResult "White resigns"]
[WhiteElo "1795"]
[BlackElo "2004"]
[Opening "English opening"]
[ECO "A16"]
[NIC "EO.64"]
[Time "20:25:29"]
[TimeControl "180+0"]

1. c4 Nf6 2. Nc3 g6 3. g3 Bg7 4. Bg2 O-O 5. e4 d6 6. Nge2 c5 7. d4 cxd4 8.
Nxd4 Nc6 9. Be3 Nd7 10. Nxc6 bxc6 11. Bd4 Ne5 12. O-O c5 13. Bxe5 Bxe5 14.
f4 Bd4+ 15. Kh1 Rb8 16. Nb5 Bg7 17. Nxa7 Rxb2 18. Nxc8 Qxc8 19. Qa4 Qb7 20.
Rac1 Ra8 21. Qd1 Raxa2 22. Rg1 {White resigns} 0-1

[Event "ICCopen2017"]
[Site "Internet Chess Club"]
[Date "2017.03.19"]
[Round "7"]
[White "TaijiChess22"]
[Black "patterncircular"]
[Result "1-0"]
[ICCResult "Black checkmated"]
[WhiteElo "1800"]
[BlackElo "2055"]
[Opening "Pirc: Ufimtsev-Pytel variation"]
[ECO "B07"]
[NIC "PU.08"]
[Time "20:25:11"]
[TimeControl "180+0"]

1. e4 d6 2. d4 Nf6 3. Nc3 c6 4. Nf3 Bg4 5. h3 Bh5 6. Be2 Nbd7 7. Be3 e5 8.
Qd2 Be7 9. O-O-O Qc7 10. g4 Bg6 11. dxe5 dxe5 12. Bd3 b5 13. Ne2 Bxe4 14.
Bxe4 Nxe4 15. Qd3 Nef6 16. Ng5 Rd8 17. Qb3 O-O 18. Ng3 Nd5 19. Qd3 Nc5 20.
Qxh7# {Black checkmated} 1-0

[Event "ICCopen2017"]
[Site "Internet Chess Club"]
[Date "2017.03.19"]
[Round "7"]
[White "Activekids"]
[Black "ehkopean"]
[Result "1-0"]
[ICCResult "Black resigns"]
[WhiteElo "1994"]
[BlackElo "1778"]
[Opening "French: exchange variation"]
[ECO "C01"]
[NIC "FR.01"]
[Time "20:25:37"]
[TimeControl "180+0"]

1. e4 e6 2. d4 d5 3. exd5 exd5 4. c4 Bb4+ 5. Nc3 Ne7 6. Bd3 O-O 7. Nf3 Bf5
8. O-O Bxd3 9. Qxd3 c6 10. Bg5 f6 11. Bh4 Ng6 12. Bg3 Bd6 13. Bxd6 Qxd6 14.
cxd5 cxd5 15. Qb5 Nc6 16. Nxd5 a6 17. Qc4 Na5 18. Ne7+ Kh8 19. Nxg6+ hxg6
20. Qc3 Rac8 21. Qxa5 {Black resigns} 1-0

[Event "ICCopen2017"]
[Site "Internet Chess Club"]
[Date "2017.03.19"]
[Round "7"]
[White "YKQ"]
[Black "KH"]
[Result "1-0"]
[ICCResult "Black resigns"]
[WhiteElo "2484"]
[BlackElo "2024"]
[Opening "Robatsch (modern) defense"]
[ECO "B06"]
[NIC "KF.06"]
[Time "20:26:44"]
[TimeControl "180+0"]

1. e4 g6 2. d4 Nf6 3. Nc3 d5 4. exd5 Nxd5 5. Nxd5 Qxd5 6. Nf3 Bg7 7. Be2 c5
8. Be3 cxd4 9. Bxd4 f6 10. O-O Nc6 11. Be3 Be6 12. c3 O-O 13. Qxd5 Bxd5 14.
Rfd1 Rfd8 15. Nd4 Nxd4 16. Rxd4 e5 17. Rxd5 Rxd5 18. Bc4 Rd8 19. Rd1
{Black resigns}
1-0

[Event "ICCopen2017"]
[Site "Internet Chess Club"]
[Date "2017.03.19"]
[Round "7"]
[White "F83"]
[Black "mn8"]
[Result "1-0"]
[ICCResult "Black resigns"]
[WhiteElo "1795"]
[BlackElo "1942"]
[Opening "French: advance, Euwe variation"]
[ECO "C02"]
[NIC "FR.03"]
[Time "20:25:36"]
[TimeControl "180+0"]

1. e4 e6 2. d4 d5 3. e5 c5 4. c3 Nc6 5. Nf3 Bd7 6. Be2 Qc7 7. O-O f6 8. Bf4
O-O-O 9. Na3 a6 10. Bg3 f5 11. c4 cxd4 12. cxd5 Nb4 13. Rc1 Bc5 14. d6 Qb6
15. Qxd4 {Black resigns} 1-0

[Event "ICCopen2017"]
[Site "Internet Chess Club"]
[Date "2017.03.19"]
[Round "7"]
[White "progre69"]
[Black "Revolutions"]
[Result "1-0"]
[ICCResult "Black resigns"]
[WhiteElo "2151"]
[BlackElo "1830"]
[Opening "Nimzovich-Larsen attack: Indian variation"]
[ECO "A01"]
[NIC "VO.08"]
[Time "20:26:50"]
[TimeControl "180+0"]

1. b3 Nf6 2. Bb2 c5 3. f4 e6 4. Nf3 d5 5. e3 Nc6 6. Bb5 Be7 7. O-O O-O 8.
Bxc6 bxc6 9. d3 Ba6 10. Nbd2 Rb8 11. Ne5 Qc7 12. Qe1 c4 13. dxc4 dxc4 14.
Ndxc4 Bxc4 15. Nxc4 Rfd8 16. Be5 Bc5 17. Bxc7 {Black resigns} 1-0

[Event "ICCopen2017"]
[Site "Internet Chess Club"]
[Date "2017.03.19"]
[Round "7"]
[White "Alright2015"]
[Black "Jude"]
[Result "1-0"]
[ICCResult "Black resigns"]
[WhiteElo "2241"]
[BlackElo "1936"]
[Opening "Réti opening"]
[ECO "A04"]
[NIC "QP.10"]
[Time "20:26:01"]
[TimeControl "180+0"]

1. Nf3 c5 2. e3 Nf6 3. d4 cxd4 4. exd4 d5 5. Bd3 g6 6. Nc3 Bg7 7. Bf4 Nc6 8.
Qd2 Bf5 9. Bxf5 gxf5 10. O-O-O e6 11. Ne5 Rc8 12. f3 Qa5 13. Bh6 Rg8 14.
Bxg7 Rxg7 15. Qh6 Rg6 16. Nxg6 hxg6 17. Qh8+ Ke7 18. Qxc8 {Black resigns}
1-0

[Event "ICCopen2017"]
[Site "Internet Chess Club"]
[Date "2017.03.19"]
[Round "7"]
[White "ylr5000"]
[Black "eltigrecu"]
[Result "1-0"]
[ICCResult "Black resigns"]
[WhiteElo "2289"]
[BlackElo "1966"]
[Opening "English: Caro-Kann defensive system"]
[ECO "A11"]
[NIC "EO.64"]
[Time "20:25:34"]
[TimeControl "180+0"]

1. c4 c6 2. Nf3 Nf6 3. e3 d5 4. Nc3 Bg4 5. d4 e6 6. h3 Bh5 7. g4 Bg6 8. Ne5
Nbd7 9. h4 Nxe5 10. dxe5 Nd7 11. h5 Be4 12. f3 Bxf3 13. Qxf3 Nxe5 14. Qd1
dxc4 15. Qxd8+ Rxd8 16. Be2 Bb4 17. Bd2 O-O 18. O-O-O h6 19. Ne4 Bc5 20.
Nxc5 b6 21. Ne4 b5 22. Bb4 Rfe8 23. g5 hxg5 24. Nxg5 Rxd1+ 25. Rxd1 f6 26.
Ne4 Kf7 27. Nd6+ {Black resigns} 1-0

[Event "ICCopen2017"]
[Site "Internet Chess Club"]
[Date "2017.03.19"]
[Round "7"]
[White "Palse"]
[Black "egyptiantiger"]
[Result "1-0"]
[ICCResult "Black resigns"]
[WhiteElo "2192"]
[BlackElo "1835"]
[Opening "Sicilian: Labourdonnais-Löwenthal (Kalashnikov) variation"]
[ECO "B32"]
[NIC "SI.32"]
[Time "20:25:21"]
[TimeControl "180+0"]

1. e4 c5 2. Nf3 Nc6 3. d4 cxd4 4. Nxd4 e5 5. Nb5 d6 6. c4 Be7 7. N1c3 a6 8.
Na3 f5 9. exf5 Bxf5 10. Bd3 Be6 11. O-O Nf6 12. Be3 Qd7 13. f3 O-O 14. Ne4
Rae8 15. Nxf6+ Bxf6 16. Nb1 Kh8 17. Nc3 Nd4 18. Ne4 Bd8 19. Rc1 Bb6 20. Kh1
Rc8 21. b3 Rce8 22. Qd2 Bd8 23. Rcd1 d5 24. cxd5 Bxd5 25. Bb1 g6 26. Bxd4
Bxe4 27. Bxe5+ Rxe5 28. Qxd7 Bxb1 29. Rxb1 Bf6 30. Rbe1 Rc5 31. Re8 Bg7 32.
Rxf8+ Bxf8 33. Qd4+ {Black resigns} 1-0

[Event "ICCopen2017"]
[Site "Internet Chess Club"]
[Date "2017.03.19"]
[Round "7"]
[White "AbasovN"]
[Black "KRASAVCHIK"]
[Result "1/2-1/2"]
[ICCResult "Game drawn by repetition"]
[WhiteElo "3155"]
[BlackElo "3315"]
[Opening "Ruy Lopez: exchange variation, Alapin gambit"]
[ECO "C68"]
[NIC "RL.08"]
[Time "20:26:37"]
[TimeControl "180+0"]

1. e4 e5 2. Nf3 Nc6 3. Bb5 a6 4. Bxc6 dxc6 5. O-O Bg4 6. h3 h5 7. d3 Qf6 8.
Be3 Bxf3 9. Qxf3 Qxf3 10. gxf3 Ne7 11. Nd2 Ng6 12. Nc4 f6 13. a4 Bd6 14.
Rfb1 Nh4 15. Nd2 g5 16. Kf1 Kd7 17. Ke2 Ng2 18. Rg1 Nh4 19. Rgb1 Ng2 20. Rg1
Nh4 21. Rgb1 {Game drawn by repetition} 1/2-1/2

[Event "ICCopen2017"]
[Site "Internet Chess Club"]
[Date "2017.03.19"]
[Round "7"]
[White "zitvex"]
[Black "P10"]
[Result "1-0"]
[ICCResult "Black resigns"]
[WhiteElo "1844"]
[BlackElo "1530"]
[Opening "Sicilian: dragon, Yugoslav attack, Rauser variation"]
[ECO "B76"]
[NIC "SI.17"]
[Time "20:26:37"]
[TimeControl "180+0"]

1. e4 c5 2. Nf3 d6 3. d4 cxd4 4. Nxd4 Nf6 5. Nc3 g6 6. Be3 Bg7 7. f3 O-O 8.
Qd2 Nc6 9. O-O-O h5 10. Bc4 Ne5 11. Bb3 a6 12. h4 b5 13. Bh6 Bd7 14. g4 hxg4
15. h5 Nxh5 16. Rxh5 gxh5 17. Qg5 Ng6 18. Qxg6 {Black resigns} 1-0